 Dungeon Crawl Stone Soup version 0.28.0-53-g5a82cb258f (webtiles) character file.

Game seed: 3905429573824333800

4774 buh the Destroyer (level 10, -5/61 HPs)
             Began as a Deep Elf Conjurer on May 29, 2022.
             Was a Follower of Vehumet.
             Killed from afar by an orc (27 damage)
             ... with a bolt of acid
             ... on level 8 of the Dungeon.
             The game lasted 00:39:55 (12540 turns).

buh the Destroyer (Deep Elf Conjurer)              Turns: 12540, Time: 00:39:55

Health: -5/61      AC: 11    Str:  4    XL:     10   Next: 23%
Magic:  5/26       EV: 12    Int: 34    God:    Vehumet [*.....]
Gold:   169        SH:  0    Dex: 13    Spells: 12/29 levels left

rFire   . . .      SeeInvis .   g - +4 falchion (freeze)
rCold   . . .      Faith    .   (no shield)
rNeg    . . .      Spirit   .   a - +2 robe
rPois   .          Reflect  .   (no helmet)
rElec   .          Harm     .   c - +2 cloak
rCorr   .          Rampage  .   A - +1 pair of gloves
Will    +....                   z - +1 pair of boots
Stlth   ++........              (no amulet)
HPRegen 0.20/turn               d - ring of wizardry
MPRegen 0.20/turn               k - +6 ring of intelligence

@: slowed, very slow
A: no striking features
a: Renounce Religion


You were on level 8 of the Dungeon.
You worshipped Vehumet.
Vehumet was aware of your devotion.
You visited 2 branches of the dungeon, and saw 9 of its levels.
You also visited: Sewer.

You collected 326 gold pieces.
You spent 157 gold pieces at shops.

Inventory:

Hand Weapons
 g - a +4 falchion of freezing (weapon)
Missiles
 w - a throwing net
Armour
 a - a +2 robe (worn)
 c - a +2 cloak (worn)
 z - a +1 pair of boots (worn)
 A - a +1 pair of gloves (worn)
Magical Staves
 r - a staff of air
Jewellery
 d - a ring of wizardry (left hand)
 h - a ring of fire
 k - a +6 ring of intelligence (right hand)
Wands
 t - a wand of flame (7)
 u - a wand of iceblast (9)
Scrolls
 e - a scroll of identify
 i - a scroll of blinking
 p - 2 scrolls of fog
 q - a scroll of teleportation
 s - a scroll of immolation
 x - a scroll of amnesia {unknown}
 y - a scroll of brand weapon
Potions
 b - 3 potions of heal wounds {unknown}
 f - a potion of might {unknown}
 j - a potion of attraction {unknown}
 l - a potion of flight {unknown}
 m - a potion of mutation {unknown}
 n - 3 potions of curing {unknown}
 o - a potion of brilliance {unknown}
 v - a potion of lignification {unknown}


   Skills:
 * Level 6.3 Fighting
 - Level 2.4 Dodging
 - Level 2.4 Stealth
 - Level 10.0 Spellcasting
 - Level 11.1 Conjurations
 - Level 5.4 Hexes
 - Level 3.0 Translocations


You had 12 spell levels left.
You knew the following spells:

 Your Spells              Type           Power      Damage    Failure   Level
a - Magic Dart            Conj           100%       1d8       1%          1
b - Searing Ray           Conj           100%       2d8       1%          2
c - Fulminant Prism       Conj/Hex       32%        3d16      1%          4
d - Iskenderun's Mystic   Conj/Tloc      60%        2d13      1%          4
e - Dazzling Flash        Conj/Hex       100%       N/A       1%          3
f - Summon Guardian Gole  Hex/Summ       35%        N/A       1%          3

Your spell library contained the following spells:

 Spells                   Type           Power      Damage    Failure   Level
 Freeze                   Ice            68%        1d8       1%          1
 Summon Small Mammal      Summ           68%        N/A       1%          1
 Sublimation of Blood     Necr           17%        N/A       1%          2
 Wereblood                Tmut           17%        N/A       1%          2
 Conjure Flame            Conj/Fire      53%        6-21      1%          3
 Sticky Flame             Conj/Fire      53%        2d7       1%          4
 Call Canine Familiar     Summ           17%        N/A       3%          3
 Ignite Poison            Fire/Tmut/Pois 17%        N/A       3%          3
 Summon Hydra             Summ           8%         N/A       100%        7


Dungeon Overview and Level Annotations

Branches:
Dungeon (8/15)             Temple (1/1) D:6           Sewer (visited)
   Lair: D:8-11

Altars:
Ashenzari
Cheibriados
Gozag
Hepliaklqana
Ru
Sif Muna
Vehumet
Wu Jian
Xom
Yredelemnul
Zin

Shops:
D:5 ?*

Annotations:
D:4 2 transporters, Zeld's ghost, amateur TeAE
D:5 Edmund
D:7 1 runed translucent door, exclusion: door, Zeld's ghost, novice TeAE


Message History

The blast of energy engulfs the necrophage!!
You destroy the necrophage!
Vehumet accepts your kill.
An orc comes into view. It is wielding a +0 club.
Aiming: Fulminant Prism (safe; 1% risk of failure)
Press: ? - help, Q - select action, (/) - cycle Dir - move target You conjure a prism of explosive energy!
A fulminant prism comes into view.
A wraith comes into view.
Your fulminant prism crackles loudly.
Your fulminant prism explodes!
The blast of energy engulfs the orc!!!
You kill the orc!
Vehumet accepts your kill.
Aiming: Fulminant Prism (safe; 1% risk of failure)
Press: ? - help, Q - select action, (/) - cycle Dir - move target You conjure a prism of explosive energy!
A fulminant prism comes into view.
Your fulminant prism crackles loudly.
Your fulminant prism explodes!
The blast of energy engulfs the wraith!!
The wraith is severely damaged.
You hear a shout!
An orc comes into view.
It is wielding a +0 dagger and carrying a wand of acid (14).
Aiming: Searing Ray (safe; 1% risk of failure)
Press: ? - help, Q - select action, (/) - cycle Shift-Dir - straight line The searing ray hits the wraith!
The wraith is almost destroyed. (Press . to maintain the ray.)
An orc comes into view. It is wielding a +0 mace.
The searing ray misses the wraith.
The wraith hits you. The wraith drains your vigour!
You feel yourself slow down.
The searing ray hits the wraith but does no damage.
The wraith is almost destroyed.
The orc zaps a wand.
The bolt of acid hits you!! The wraith barely misses you.
The searing ray misses the wraith.
You finish channelling your searing ray.
The orc drinks a potion.
The orc seems to speed up.
The wraith hits you!
The orc zaps a wand.
The bolt of acid hits you!!
You die...

.#. # .. .# .. .####.##...
.###.. .......#...# .?..†.
...)o.....# #...###.........#
.##...W##..o......#
..†....@..........## ###
###..#.............###.. .#.
##.................###. ..
...##..............###. .
#.###.##.................. #.
#..#..#.†#.#........####.#
#..#..#.#..##.###...#....##..
........#.###.##..####....###
.......#..# #..#..# #....##.


You could see a wraith and 2 orcs.

Vanquished Creatures
  A two-headed ogre (D:8)
  Pikel (D:6)
  A wyvern (D:8)
  A yak (shapeshifter) (D:8)
  3 water moccasins
  2 sky beasts (D:7)
  An ice beast (D:6)
  5 ogres
  2 necrophages
  A phantom (D:5)
  2 kobold brigands
  3 bullfrogs
  A scorpion (D:6)
  2 wyvern zombies
  A water moccasin zombie (D:5)
  2 wyvern skeletons
  5 wights (D:6)
  2 howler monkeys
  2 bullfrog zombies
  2 centaur zombies
  A jelly (D:5)
  A bullfrog skeleton (D:6)
  2 gnoll shamans
  3 hounds
  An iron imp (D:3)
  A centaur skeleton (D:7)
  4 iguanas
  2 scorpion zombies (D:5)
  Natasha (twice) (D:4)
  6 orc wizards
  A mummy (D:8)
  A hound skeleton (D:4)
  A howler monkey skeleton (D:6)
  13 gnolls
  15 adders
  2 river rats (Sewer)
  2 shadow imps
  A white imp (D:7)
  3 worms
  2 dart slugs
  21 orcs
  6 bats
  5 endoplasms
  6 giant cockroaches
  3 goblins
  11 hobgoblins
  3 jackals (D:5)
  7 quokkas
  10 ball pythons
  10 frilled lizards
  A hobgoblin zombie (D:8)
  11 kobolds
  An orc zombie (D:8)
  16 rats
215 creatures vanquished.

Vanquished Creatures (others)
  A gnoll shaman (D:8)
  59 fulminant prisms
60 creatures vanquished.

Grand Total: 275 creatures vanquished

Notes
Turn   | Place    | Note
-------+----------+-------------------------------------------
     0 | D:1      | buh the Deep Elf Conjurer began the quest for the Orb.
     0 | D:1      | Reached XP level 1. HP: 10/10 MP: 6/6
   404 | D:1      | Reached XP level 2. HP: 15/15 MP: 5/9
   520 | D:1      | Learned a level 2 spell: Searing Ray
  1211 | D:2      | Reached skill level 5 in Spellcasting
  1211 | D:2      | Reached XP level 3. HP: 17/19 MP: 0/11
  1394 | D:2      | Found a faded altar of an unknown god.
  2319 | D:3      | Reached XP level 4. HP: 24/24 MP: 9/14
  3009 | D:3      | Reached XP level 5. HP: 28/28 MP: 7/16
  3174 | D:3      | Found a snail-covered altar of Cheibriados.
  3541 | D:3      | Learned a level 4 spell: Fulminant Prism
  3546 | D:3      | Learned a level 4 spell: Iskenderun's Mystic Blast
  3550 | D:3      | Learned a level 3 spell: Dazzling Flash
  3656 | D:4      | Reached skill level 1 in Translocations
  3656 | D:4      | Reached XP level 6. HP: 32/32 MP: 13/18
  3812 | D:4      | Found a glowing drain.
  3983 | Sewer    | Entered a sewer
  4854 | D:4      | Noticed Zeld's ghost (amateur TeAE)
  4855 | D:4      | Noticed a steam dragon
  4856 | D:4      | Found a transporter.
  4884 | D:4      | Found a transporter.
  5104 | D:4      | Reached XP level 7. HP: 14/36 MP: 6/20
  5575 | D:4      | Reached skill level 5 in Hexes
  5908 | D:4      | Noticed Natasha
  5910 | D:4      | Killed Natasha
  6402 | D:4      | Noticed Natasha
  6408 | D:4      | Killed Natasha
  6409 | D:4      | Reached skill level 1 in Fighting
  6733 | D:5      | Entered Level 5 of the Dungeon
  6784 | D:5      | Noticed Edmund
  7662 | D:5      | Reached XP level 8. HP: 19/48 MP: 13/21
  8171 | D:5      | Reached skill level 5 in Conjurations
  8346 | D:5      | Reached skill level 6 in Conjurations
  8396 | D:5      | Found Piolaat's Magic Scroll Emporium.
  8407 | D:5      | Found Riff's General Store.
  8410 | D:5      | Bought a scroll of teleportation for 45 gold pieces
  8410 | D:5      | Bought a scroll of blinking for 112 gold pieces
  9009 | D:6      | Reached skill level 7 in Conjurations
  9164 | D:6      | Reached skill level 8 in Conjurations
  9376 | D:6      | Reached XP level 9. HP: 33/52 MP: 8/22
  9388 | D:6      | Reached skill level 9 in Conjurations
  9701 | D:6      | Noticed Pikel
  9715 | D:6      | Killed Pikel
  9716 | D:6      | Reached skill level 10 in Conjurations
  9795 | D:6      | Found a staircase to the Ecumenical Temple.
  9834 | Temple   | Entered the Ecumenical Temple
  9866 | Temple   | Became a worshipper of Vehumet
 10331 | D:7      | Reached skill level 11 in Conjurations
 10544 | D:7      | Found a broken altar of Ashenzari.
 10597 | D:7      | Found an ornate altar of the Wu Jian Council.
 11148 | D:7      | Found a shimmering altar of Xom.
 11169 | D:7      | Found a runed translucent door.
 11170 | D:7      | Noticed Zeld's ghost (novice TeAE)
 12006 | D:8      | Reached skill level 10 in Spellcasting
 12011 | D:8      | Learned a level 3 spell: Summon Guardian Golem
 12040 | D:8      | Reached * piety under Vehumet
 12040 | D:8      | Offered knowledge of Freeze by Vehumet.
 12251 | D:8      | Noticed a two-headed ogre
 12264 | D:8      | Killed a two-headed ogre
 12265 | D:8      | Reached skill level 5 in Fighting
 12265 | D:8      | Reached XP level 10. HP: 44/59 MP: 16/26
 12540 | D:8      | Killed from afar by an orc

Illustrated notes

Levels and vault maps discovered:
D:1:      matt_arrival_spirals, layout_basic
D:2:      layout_loops_cross, nicolae_ecumenical_lake_church, st_stairs_12,
          nicolae_figureground_pulse
D:3:      layout_rooms, slow_altar_1
D:4:      layout_basic, gup_sewer_entry_spiral, gammafunk_ghost_arena,
          hangedman_decor_points, uniq_natasha
D:5:      layout_gridville, serial_shops, nicolae_shop_statue_plus, shop,
          kennysheep_little_box, minmay_crystal_room, uniq_edmund
D:6:      layout_loops_ring, minmay_temple_entry_grid, uniq_pikel
D:7:      layout_basic, xom_butterflies, grunt_temple_overflow_open,
          gammafunk_ghost_grave, minmay_misc_feat_cross
D:8:      layout_rooms, nicolae_qazlal_eye_of_the_storm, serial_aquarium,
          aquarium_bridge_square [aquarium_subvault_window,
          aquarium_subvault_window, aquarium_subvault_balcony,
          aquarium_subvault_bridge], aquarium_bridge_straight
          [aquarium_subvault_bridge, aquarium_subvault_wall,
          aquarium_subvault_bridge, aquarium_subvault_window],
          aquarium_window_1, aquarium_window_fake, aquarium_window_2,
          aquarium_window_1, aquarium_view_2d, aquarium_balcony_double_3,
          minmay_mini_ossuary
Temple:   nicolae_temple_elliptical

Skill      XL: |  1  2  3  4  5  6  7  8  9 10 |
---------------+-------------------------------+-----
Spellcasting   | 4 5 6 7 10 | 10.0
Hexes          | 2 4 5 |  5.4
Translocations | 1 2 3 |  3.0
Fighting       | 4 5 6 |  6.3
Conjurations   | 8 11 | 11.1
Dodging        | |  2.4
Stealth        | |  2.4

Action                   |  1- 3 |  4- 6 |  7- 9 | 10-12 || total
-------------------------+-------+-------+-------+-------++-------
Melee: Unarmed           |    11 |     3 |       |       ||    14
       Falchion          |       |     7 |    10 |     3 ||    20
 Cast: Magic Dart        |    54 |     8 |    15 |       ||    77
       Searing Ray       |    12 |    65 |    52 |     1 ||   130
       Fulminant Prism   |       |       |    49 |    10 ||    59
       Summon Guardian G |       |       |     2 |       ||     2
       Iskenderun's Myst |       |       |       |     3 ||     3
  Use: Scroll            |     4 |     6 |     8 |       ||    18
Armor: Robe              |     9 |    23 |    21 |     2 ||    55
Dodge: Dodged            |    23 |    43 |    38 |     5 ||   109
